wizbiz, neutral female human Wizard ---------------- ------- |..............| |.(....# #-..............| ------- |..>..|# -------- ###|..............| |.....| |.....|# |......-# # ---------------- ##......| -------# |......|# # ####f%##### # |....*| # |......|########################qq@##############-.....| #### -.---|--# # ### # ------- ## ###### # # # # ### ## # # ### # ## #### # # # # ########################## # ## # ############ # -.----# ---------.--# #--+------.------ ### |....|# |..........|# #...............| # |....|# |..........|# |....<.........| ##.....|# |...........# |..............| |....|# |..........| ---------------- |.....# ------------ ------ wizbiz the Conjurer Experience level: 5 Strength: 10 Dexterity: 12 Constitution: 14 Intelligence: 18 Wisdom: 14 Charisma: 8 Health: 0(26) Energy: 18(49) Def: 1 Gold: 746 Moves: 2534 Dungeon seed: RGic6aiUvTO9-GWA Game ID: wizbiz_1529714002 Your Inventory: Coins $ - 746 gold pieces Weapons a - a blessed +1 quarterstaff (weapon in hands) Armor e - an uncursed +0 cloak of magic resistance (being worn) y - a cursed -2 pair of low boots (being worn) N - an uncursed +0 orcish helm (being worn) Comestibles u - 3 uncursed food rations Scrolls i - an uncursed scroll of confuse monster k - an uncursed scroll of charging n - a cursed scroll of light Spellbooks l - a blessed spellbook of force bolt m - an uncursed spellbook of remove curse K - an uncursed spellbook of light M - an uncursed spellbook of create monster Potions f - an uncursed potion of invisibility g - 2 uncursed potions of water h - an uncursed potion of blindness o - an uncursed potion of levitation p - an uncursed potion of gain level A - an uncursed potion of extra healing P - a potion of holy water Rings c - an uncursed ring of protection from shape changers d - an uncursed ring of teleport control Wands b - a wand of digging (0:5) Gems q - an uncursed worthless piece of green glass r - an uncursed worthless piece of white glass Spells and supernatural/magical abilities: Name Level Category Fail Memory a - force bolt 1 attack 0% 88% l - light 1 divination 0% 96% r - remove curse 3 clerical 92% 88% O - create monster 2 clerical 67% 96% W - pray for help -- divine ? -- Your skills at the end: Fighting Skills Weapon Skills quarterstaff [Basic] Spellcasting Skills attack spells [Basic] enchantment spells [Basic] Final Attributes: You were piously aligned. You were magic-protected. You are dead. Vanquished creatures: a small mimic 2 leprechauns 2 rock piercers a pony a little dog a kitten a homunculus 2 rothes a giant bat an iguana a hobbit 2 giant rats a yellow mold a red mold 3 geckos 8 jackals a fox 2 goblins 4 grid bugs 5 lichens 3 kobold zombies 5 newts 49 creatures vanquished. Voluntary challenges: You were an atheist. You used a wielded weapon 51 times, starting on turn 6. You read items or engraved 5 times, starting on turn 1527. You never genocided any monsters. You never polymorphed an object. You never changed form. You used no wishes. You never split a pudding. You never wrote Elbereth's name. You never violated your personal moral code. Dungeon overview: The Dungeons of Doom: levels 1 to 5 Level 1 a long staircase Level 2 a fountain Level 3 a fountain Level 4 a general store, a fountain stairs to The Gnomish Mines Level 5 <- You were here The Gnomish Mines: Level 5 stairs to The Dungeons of Doom History has recorded: On T:1 you entered the Dungeons of Doom to retrieve the Amulet of Yendor! On T:103 you reached level 2 of The Dungeons of Doom. On T:575 you reached level 3 of The Dungeons of Doom. On T:819 you reached level 4 of The Dungeons of Doom. On T:982 you advanced to experience level 2. On T:1199 you reached level 5 of The Dungeons of Doom. On T:1255 you advanced to experience level 3. On T:1493 you advanced to experience level 4. On T:2020 you advanced to experience level 5. On T:2068 you reached level 1 of The Gnomish Mines. Score breakdown: Gold: 746 ( 9774 points) Experience: 5 levels (11141 points) Exploration: 5 levels ( 10.42%) ( 8751 points) Discoveries: 27 items ( 9.41%) ( 9201 points) Valuables value: (no points given unless you survive) Artifact value: 0 ( 0 points) Variety of kills: 22 monsters ( 5.77%) ( 7208 points) Turncount: 2534 turns ( -350 points) Survival: died (score multiplied by 80%) Total score: 36580 Latest messages: The rothe bites! The rothe misses. The rothe hits the kitten. The rothe misses the kitten. The rothe bites the kitten. The kitten misses the rothe. The spell hits the rothe! You kill the rothe! The spell hits the rothe! You kill the rothe! The spell misses the rothe. The kitten eats a rothe corpse. The kitten misses the rothe. The rothe hits! The rothe bites! (2x) The kitten misses the rothe. The spell hits the rothe! The spell misses the rothe. The rothe misses the kitten. (3x) The rothe hits! The rothe bites! (2x) You die... Final status: Goodbye wizbiz the Wizard, killed by a rothe... You died in The Dungeons of Doom on dungeon level 5 with 36580 points, and 746 pieces of gold, after 2534 moves. You were level 5 with a maximum of 26 hit points when you died.